 Dungeon Crawl Stone Soup version 0.27.1-1-g398f81649c (webtiles) character file.

Game seed: 15649708626779241744

121 nxtlvl the Chopper (level 4, -2/57 HPs)
             Began as a Draconian Berserker on Sept 8, 2021.
             Was a Follower of Trog.
             Killed by nerve-wracking pain
             ... invoked by a shadow imp
              (12 damage)
             ... on level 6 of the Dungeon.
             The game lasted 00:03:32 (445 turns).

nxtlvl the Chopper (Draconian Berserker)             Turns: 445, Time: 00:03:33

Health: -2/57      AC:  6    Str: 20    XL:     4   Next: 77%
Magic:  4/4        EV: 12    Int:  7    God:    Trog [*.....]
Gold:   63         SH:  0    Dex: 11    Spells: 3/3 levels left

rFire    . . .     SeeInvis .   a - +0 hand axe
rCold    . . .     Faith    .   (no shield)
rNeg     . . .     Spirit   .   (armour unavailable)
rPois    .         Reflect  .   (helmet restricted)
rElec    .         Harm     .   (no cloak)
rCorr    .         Rampage  .   (no gloves)
Will     .....                  b - +0 pair of boots
Stlth    ..........             (no amulet)
HPRegen  0.19/turn              (no ring)
MPRegen  0.09/turn              (no ring)

@: berserking, very quick
A: AC +5, unfitting armour, cold-blooded
a: Renounce Religion, Berserk


You were on level 6 of the Dungeon.
You worshipped Trog.
Trog was aware of your devotion.
You visited 1 branch of the dungeon, and saw 6 of its levels.

You collected 63 gold pieces.

Inventory:

Hand Weapons
 a - a +0 hand axe (weapon)
Missiles
 e - a throwing net (quivered)
 f - 6 poisoned darts
Armour
 b - a +0 pair of boots (worn)
Scrolls
 c - a scroll of fog {unknown}
 d - a scroll of amnesia {unknown}


   Skills:
 - Level 3.2 Fighting
 * Level 5.6 Axes
 - Level 2.6 Dodging


You had 3 spell levels left.
You didn't know any spells.
Your spell library was empty.

Dungeon Overview and Level Annotations

Branches:
Dungeon (6/15)
 Temple: D:4-7

Altars:
Zin


Innate Abilities, Weirdness & Mutations

Your plain brown scales are hard. (AC +5)
You cannot fit into any form of body armour.
You are cold-blooded and may be slowed by cold attacks.


Message History

Things that are here:
a +0 flail; an orc corpse As you open the door, it creaks loudly!
There is an open door here.
You open the door.
Found a glowing silver altar of Zin.
There is an open door here.
There is a stone staircase leading down here.
There is a stone staircase leading down here.
You climb downwards.
There is a stone staircase leading up here.
Found a stone staircase leading down.
There is a stone staircase leading down here.
You climb downwards.
The shadow imp shouts!
There is a stone staircase leading up here.
An orc priest comes into view. It is wielding a +0 club.
The orc priest shouts!
The orc wizard shouts!
You hear a shout! x2
An orc priest comes into view. It is wielding a +0 hand axe.
The orc priest calls down the wrath of Beogh upon you.
Beogh smites you!
An orc comes into view. It is wielding a +0 short sword.
The orc priest shouts!
The orc shouts!
The orc priest looks encouraged for a moment.
The orc priest miscasts a cantrip.
The orc priest mumbles some strange prayers to Beogh against you.
Beogh smites you!
A red film seems to cover your vision as you go berserk!
You feel yourself moving faster!
You feel mighty!
The orc priest invokes the aid of Beogh against you.
Pain shoots through your body!
* * * LOW HITPOINT WARNING * * *
Unknown command.
Found a stone staircase leading up.
You feel a strong urge to attack something.
You hit the orc wizard.
The orc wizard is lightly wounded.
The shadow imp gestures at you. Pain shoots through your body!
You die...

.##.. #### .#... .
...#######..... .
.##......#......
..................
...##.......o.....
##............o...
..........@o.o....
.......<......o...
....#......5......
. #.............
##...........<
##.....#.....
.##..####### #.
.... ## #..#


You could see 3 orc priests, an orc wizard, a shadow imp and an orc.

Vanquished Creatures
  A sky beast (D:5)
  An adder (D:2)
  A dart slug (D:2)
  2 orcs
  2 bats (D:2)
  A giant cockroach (D:3)
  3 hobgoblins
  2 jackals (D:3)
  A kobold (D:3)
  A quokka (D:3)
  3 ball pythons (D:2)
18 creatures vanquished.

Notes
Turn   | Place    | Note
-------+----------+-------------------------------------------
     0 | D:1      | nxtlvl the Draconian Berserker began the quest for the Orb.
     0 | D:1      | Reached XP level 1. HP: 19/19 MP: 1/1
    59 | D:2      | Reached XP level 2. HP: 26/26 MP: 2/2
   140 | D:3      | Noticed a scorpion
   183 | D:2      | Reached skill level 4 in Axes
   287 | D:5      | Entered Level 5 of the Dungeon
   295 | D:5      | Noticed a sky beast
   304 | D:5      | Killed a sky beast
   305 | D:5      | Reached skill level 5 in Axes
   305 | D:5      | Reached XP level 3. HP: 31/31 MP: 3/3
   305 | D:5      | Reached XP level 4. HP: 38/38 MP: 4/4
   383 | D:4      | Found a glowing silver altar of Zin.
   445 | D:6      | Killed from afar by a shadow imp

Illustrated notes

Levels and vault maps discovered:
D:1:      psy_arrival_whirlpool, layout_rooms,
          hellmonk_ecumenical_altar_blasted, serial_forest,
          infiniplex_forest_lined_4_way, infiniplex_forest_straight_2,
          infiniplex_forest_corner_1, infiniplex_forest_clump_double,
          infiniplex_forest_lined_3, infiniplex_forest_end_2,
          infiniplex_forest_zigzag_1, infiniplex_forest_lined_room_,
          infiniplex_forest_join, infiniplex_forest_clump_small
D:2:      wander_river, layout_loops_corners
D:3:      layout_rooms, minmay_misc_feat_enclosed, kennysheep_pointless_box
D:4:      layout_basic, mainiacjoe_overflow_concentric_impassable,
          mainiacjoe_overflow_24_doors
D:5:      kennysheep_spiral_hall, layout_rooms, temple_hall,
          hangedman_abyss_or_decor_passed, dk_noncrumbling_4
D:6:      minmay_clustersquares, layout_rooms, xom_redecorated

Skill      XL: |  1  2 |
---------------+-------+-----
Axes           | 5 |  5.6
Fighting       | |  3.2
Dodging        | |  2.6

Action                   |  1- 3 |  4- 6 || total
-------------------------+-------+-------++-------
Melee: Hand axe          |    43 |    11 ||    54
       Tailslap          |     9 |     1 ||    10
Throw: Throwing net      |     2 |       ||     2
Invok: Berserk           |     3 |     1 ||     4
 Stab: Held in net/web   |     1 |       ||     1
Armor: Skin              |    18 |     5 ||    23
Dodge: Dodged            |    31 |     4 ||    35
